 Dungeon Crawl Stone Soup version 0.23-a0-629-gae4348f (webtiles) character file.

30 Matador8 the Sneak (level 3, -4/24 HPs)
             Began as a Vampire Enchanter on Dec 26, 2018.
             Was an Initiate of Dithmenos.
             Slain by a worm (10 damage)
             ... on level 2 of the Dungeon.
             The game lasted 00:04:43 (1673 turns).

Matador8 the Sneak (Vampire Enchanter)              Turns: 1673, Time: 00:04:43

Health: -4/24      AC:  2    Str:  8    XL:     3   Next: 3%
Magic:  5/6        EV: 12    Int: 17    God:    Dithmenos [......]
Gold:   81         SH:  0    Dex: 14    Spells: 5/6 levels left

rFire    . . .     SeeInvis +   a - +1 dagger
rCold    . . .     Gourm    .   (no shield)
rNeg     + . .     Faith    .   b - +0 robe
rPois    .         Spirit   .   (no helmet)
rElec    .         Reflect  .   (no cloak)
rCorr    .         Harm     .   (no gloves)
MR       .....                  (no boots)
Stlth    +++.......             (no amulet)
HPRegen  0.08/turn              (no ring)
MPRegen  0.10/turn              (no ring)

@: no status effects
A: fangs 3, see invisible, unbreathing
a: Bat Form, Renounce Religion


You were on level 2 of the Dungeon.
You worshipped Dithmenos.
Dithmenos was noncommittal.
You were not thirsty.

You visited 1 branch of the dungeon, and saw 2 of its levels.

You collected 81 gold pieces.

Inventory:

Hand Weapons
 a - a +1 dagger (weapon)
Armour
 b - a +0 robe (worn)
Jewellery
 g - an uncursed ring of protection from magic {unknown}
 h - an uncursed ring of positive energy {unknown}
 j - an uncursed ring of resist corrosion {unknown}
 l - an uncursed ring of flight {unknown}
Wands
 n - a wand of flame (12)
Scrolls
 e - 2 scrolls of amnesia {unknown}
 f - 2 scrolls of remove curse {unknown}
 i - a scroll of identify {unknown}
Potions
 c - 3 potions of curing {unknown}
 d - 10 potions of blood
 k - a potion of might {unknown}
 m - a potion of haste {unknown}


   Skills:
 + Level 2.0 Short Blades
 - Level 2.1 Dodging
 + Level 5.2 Stealth
 - Level 2.0 Spellcasting
 + Level 5.1 Hexes


You had 5 spell levels left.
You knew the following spells:

 Your Spells              Type           Power        Failure   Level  Hunger
a - Corona                Hex            ###....      2%          1    #......

Your spell library contained the following spells:

 Spells                   Type           Power        Failure   Level  Hunger
 Confuse                  Hex            ###.....     7%          3    ###....
 Tukima's Dance           Hex            ###.....     7%          3    ###....
 Ensorcelled Hibernation  Hex/Ice        ##....       11%         2    ###....
 Dazzling Spray           Conj/Hex       ##....       21%         3    ###....


Dungeon Overview and Level Annotations

Branches:
Dungeon (2/15)

Altars:
Dithmenos


Innate Abilities, Weirdness & Mutations

You have razor-sharp teeth.
You have supernaturally acute eyesight. (SInv)
You can survive without breathing.


Message History

The worm bites you.
You hit the worm.
The worm is severely wounded.
You hit the worm.
The worm is almost dead.
The worm bites you!
* * * LOW HITPOINT WARNING * * *
You hit the worm but do no damage. You bite the worm, but do no damage.
The worm is almost dead.
The worm stops glowing.
Casting: Corona (safe; 2% risk of failure)
Confirm with . or Enter, or press ? or * to list all spells.
Aiming: Corona (safe; 2% risk of failure)
Press: ? - help, Shift-Dir - straight line, f/p - worm
Aim: a worm (severely wounded, chance to defeat MR: 66%)
The worm is outlined in light.
You hit the worm.
The worm is severely wounded.
The worm bites you!
You die...

.#####..####.###.#
..................
#####..####.###.#
############..# #<# #.#
#.............####.# #.#
#..................# #..
#..#####..##..####.# #.#
#..#####...#..# #.# #.#
#.....w@!..#..####.###.#
##.##.##...#............
#. #.##............##.#
#. #.###..#.#.#.#..##.#
#. #.# #....#.#.#.....#
.. ... .%.#.#.#.#...#.#
###.................#.#
#....#..#..##.#..##.#
#....##.#..##.##.##..


You could see a worm.

Vanquished Creatures
  A leopard gecko (D:1)
  2 ball pythons (D:2)
  4 goblins
  7 hobgoblins
  5 bats
  2 frilled lizards (D:1)
  4 kobolds
  2 rats (D:1)
27 creatures vanquished.

Notes
Turn   | Place    | Note
-------+----------+-------------------------------------------
     0 | D:1      | Matador8 the Vampire Enchanter began the quest for the Orb.
     0 | D:1      | Reached XP level 1. HP: 13/13 MP: 3/3
   191 | D:1      | Reached XP level 2. HP: 18/19 MP: 0/5
   684 | D:1      | Reached skill level 5 in Stealth
  1034 | D:2      | Found a shadowy altar of Dithmenos.
  1055 | D:2      | Became a worshipper of Dithmenos the Shadowed
  1120 | D:2      | Reached skill level 5 in Hexes
  1409 | D:2      | Reached XP level 3. HP: 6/24 MP: 4/6
  1673 | D:2      | Slain by a worm

Vault maps used:
D:1:      minmay_arrival_widening_spiral_wide, chequers_serial_rivers_marsh
D:2:      lemuel_crystal_altar, nicolae_qazlal_eye_of_the_storm

Skill      XL: |  1  2 |
---------------+-------+-----
Stealth        | 5 |  5.2
Hexes          | 5 |  5.1
Short Blades   | 2 |  2.0
Dodging        | |  2.1
Spellcasting   | |  2.0

Action                   || total
-------------------------++-------
Melee: Dagger            ||   102
       Bite              ||     3
 Cast: Corona            ||    23
  Use: Potion            ||     3
 Stab: Sleeping          ||     8
Armor: Robe              ||    21
Dodge: Dodged            ||    48

Table legend:
 A = Non-vault XP
 B = Vault XP
 C = Vault XP percentage of total XP
 D = Non-vault monster count
 E = Vault monster count
 F = Vault count percentage of total count
                 A         B        C        D         E       F
            +---------+---------+-------+---------+---------+-------
      Total |      43 |       0 |   0.0 |      27 |       0 |   0.0
            +---------+---------+-------+---------+---------+-------
        D:1 |      22 |       0 |   0.0 |      15 |       0 |   0.0
        D:2 |      21 |       0 |   0.0 |      12 |       0 |   0.0
            +---------+---------+-------+---------+---------+-------
